 Dungeon Crawl Stone Soup version 0.30-a0-862-g1aabd4f9c5 (webtiles) character file.

Game seed: 3682632331775235603

226 Strat the Poker (level 5, 0/32 (38) HPs)
             Began as a Demonspawn Reaver on Mar 9, 2023.
             Slain by an ogre
             ... wielding a +0 giant club
              (23 damage)
             ... on level 3 of the Dungeon.
             The game lasted 00:06:45 (3050 turns).

Strat the Poker (Demonspawn Reaver)                 Turns: 3050, Time: 00:06:45

HP:   0/32 (38)     AC:  3    Str: 15    XL:     5   Next: 69%
MP:   1/8           EV: 11    Int: 14    God:
Gold: 167           SH:  0    Dex: 11    Spells: 5/8 levels left

rFire   . . .      SeeInvis .    a - +0 halberd
rCold   . . .      Faith    .    (shield currently unavailable)
rNeg    . . .      Spirit   .    b - +0 leather armour
rPois   .          Reflect  .    (no helmet)
rElec   .          Rampage  .    (no cloak)
rCorr   .                        (no gloves)
Will    .....                    (no boots)
Stlth   +                        (no amulet)
HPRegen 0.25/turn                (no ring)
MPRegen 0.11/turn                (no ring)

@: very slightly contaminated, heavily drained
A: sanguine armour 2, weakness stinger 1
a: no special abilities


You were on level 3 of the Dungeon.
You visited 1 branch of the dungeon, and saw 3 of its levels.

You collected 167 gold pieces.

Inventory:

Hand Weapons
 a - a +0 halberd (weapon)
 u - a +0 spear
Missiles
 v - 3 poisoned darts
Armour
 b - a +0 leather armour (worn)
Jewellery
 o - an amulet of reflection
 q - a ring of willpower
 r - a +6 ring of intelligence
 t - an amulet of magic regeneration
Wands
 m - a wand of light (10)
Scrolls
 c - 3 scrolls of identify {unknown}
 e - a scroll of fog {unknown}
 h - a scroll of teleportation {unknown}
 j - 2 scrolls of silence {unknown}
 k - a scroll of brand weapon {unknown}
 n - a scroll of amnesia {unknown}
Potions
 d - a potion of invisibility {unknown}
 f - 2 potions of curing {unknown}
 g - 2 potions of flight {unknown}
 i - 3 potions of brilliance {unknown}
 l - a potion of lignification {unknown}
 p - 2 potions of berserk rage {unknown}
 s - 2 potions of cancellation {unknown}


   Skills:
 + Level 2.2 Fighting
 * Level 5.2 Polearms
 - Level 1.7 Dodging
 - Level 2.0 Spellcasting
 - Level 4.0 Conjurations
 + Level 0.6 Translocations


You had 5 spell levels left.
You knew the following spells:

 Your Spells              Type           Power      Damage    Failure   Level
a - Kiss of Death         Conj/Necr      28%        2d7       13%         1
b - Momentum Strike       Conj/Tloc      14%        3d8       17%         2

Your spell library contained the following spells:

 Spells                   Type           Power      Damage    Failure   Level
 Hailstorm                Conj/Ice       7%         3d4       36%         3


Dungeon Overview and Level Annotations

Branches:
Dungeon (3/15)

Altars:


Innate Abilities, Weirdness & Mutations

When seriously injured, your blood forms thick armour. (AC +0)
You have a small tail.


Message History

The ogre is moderately wounded.
The ogre is blinded.
Casting: Momentum Strike (safe; 17% risk of failure)
Confirm with . or Enter, or press ? or * to list all spells.
Aiming: Momentum Strike (safe; 17% risk of failure)
Press: ? - help, Dir - move target, f/p - ogre
Aim: an ogre, wielding a +0 giant club (moderately wounded, blind, 85% to hit)
You miscast Momentum Strike.
You are very lightly contaminated with residual magic.
Nothing appears to happen.
Casting: Momentum Strike (safe; 17% risk of failure)
Confirm with . or Enter, or press ? or * to list all spells.
Aiming: Momentum Strike (safe; 17% risk of failure)
Press: ? - help, Dir - move target, f/p - ogre
Aim: an ogre, wielding a +0 giant club (moderately wounded, blind, 85% to hit)
You miscast Momentum Strike.
Nothing appears to happen.
Casting: Momentum Strike (safe; 17% risk of failure)
Confirm with . or Enter, or press ? or * to list all spells.
Aiming: Momentum Strike (safe; 17% risk of failure)
Press: ? - help, Dir - move target, f/p - ogre
Aim: an ogre, wielding a +0 giant club (moderately wounded, blind, 85% to hit)
The concentrated momentum misses the ogre.
The ogre hits you with a +0 giant club!
* * * LOW HITPOINT WARNING * * *
Your blood congeals into armour.
Casting: Momentum Strike (safe; 17% risk of failure)
Confirm with . or Enter, or press ? or * to list all spells.
Aiming: Kiss of Death (safe; 13% risk of failure)
Press: ? - help, Shift-Dir - straight line, f/p - ogre
Aim: an ogre, wielding a +0 giant club (moderately wounded, blind, 100% to hit)
The negative energy hits the ogre!
The ogre is drained!
The ogre is severely wounded.
You feel drained.
Your blood armour dries and flakes away.
The ogre misses you.
You hit the ogre but do no damage.
The ogre is severely wounded.
The ogre hits you with a +0 giant club!!
Ouch! That really hurt!
You die...

#.### #.......#.# #.# #†#
####<..##.## #.# #.# #.......#
#.# #.# #.#.##..# #.#
######.#########.......###.#
###.............##...........###
....####.....##.##...#######...##
###............)##...#≈# ###.#...
#.....8####8...O@....#≈###.>)...#
#.#...'...†'....#....#≈≈##.##.#.#
#.....8#..#8....#.)...≈≈...##.#.#
....####''####..#.....≈≈~..##)#)#
..#.# #..# #.##.....~~...##....
###.# #..# #.##...~~~~~........
###.# #..# #.##...~.~~........#
.##.# #..# #.##...~.~~.~......#
.##.##.$.O. ##......~.~~~~......#


You could see an ogre (blind, drained).

Vanquished Creatures
  An orc wizard (D:3)
  Natasha (thrice) (D:2)
  3 gnolls (D:3)
  2 adders (D:3)
  4 worms
  2 dart slugs
  3 orcs (D:3)
  9 endoplasms
  4 giant cockroaches
  3 goblins
  5 hobgoblins
  2 jackals (D:3)
  A quokka (D:1)
  8 ball pythons
  5 bats
  2 frilled lizards
  5 kobolds
  4 rats
66 creatures vanquished.

Notes
Turn   | Place    | Note
-------+----------+-------------------------------------------
     0 | D:1      | Strat the Demonspawn Reaver began the quest for the Orb.
     0 | D:1      | Reached XP level 1. HP: 16/16 MP: 3/3
   217 | D:1      | Reached skill level 3 in Polearms
   274 | D:1      | Gained mutation: When seriously injured, your blood forms
                  | armour. (AC +0) [demonic ancestry]
   274 | D:1      | Reached XP level 2. HP: 22/22 MP: 5/5
   279 | D:1      | Learned a level 2 spell: Momentum Strike
   884 | D:2      | Reached XP level 3. HP: 24/27 MP: 6/6
  1118 | D:2      | Found a faded altar of an unknown god.
  1496 | D:2      | Noticed Natasha
  1515 | D:2      | Killed Natasha
  1516 | D:2      | Gained mutation: When seriously injured, your blood forms
                  | thick armour. (AC +0) [demonic ancestry]
  1516 | D:2      | Reached XP level 4. HP: 4/31 MP: 0/7
  1701 | D:2      | Noticed Natasha
  1705 | D:2      | Killed Natasha
  1706 | D:2      | Reached skill level 4 in Polearms
  1742 | D:2      | Noticed Natasha
  1759 | D:2      | Killed Natasha
  1935 | D:3      | Found a large runed translucent door.
  1935 | D:3      | Found a large runed translucent door.
  2286 | D:3      | Gained mutation: You have a small tail. [demonic ancestry]
  2286 | D:3      | Reached XP level 5. HP: 28/36 MP: 8/8
  2331 | D:3      | Reached skill level 5 in Polearms
  3017 | D:3      | Noticed an ogre
  3050 | D:3      | Slain by an ogre

Illustrated notes

Levels and vault maps discovered:
D:1:      psy_arrival_whirlpool, layout_loops_ring, grunt_decor_fettered,
          dk_noncrumbling_3
D:2:      layout_loops_cross, shapermc_ecumenical_altar_acropolis, uniq_natasha
D:3:      layout_loops_cross, jmf_multi_god_temple2,
          chequers_serial_rivers_small_3, kennysheep_nub

Skill      XL: |  1  2  3  4  5 |
---------------+----------------+-----
Polearms       | 3 4 5 |  5.2
Conjurations   | 4 |  4.0
Fighting       | |  2.2
Dodging        | |  1.7
Spellcasting   | |  2.0
Translocations | |  0.6

Action                     |  1- 3 |  4- 6 || total
---------------------------+-------+-------++-------
  Melee: Spear             |   116 |    91 ||   207
         Punch             |     2 |     1 ||     3
         Halberd           |       |    15 ||    15
         Tailslap          |       |     6 ||     6
   Cast: Momentum Strike   |     6 |    11 ||    17
         Kiss of Death     |     1 |     3 ||     4
  Evoke: Wand              |       |     1 ||     1
 Armour: Leather armour    |    19 |    24 ||    43
  Dodge: Dodged            |    41 |    40 ||    81

Table legend: (Time is in decaauts)
 A = Elapsed time spent in this place.
 B = Non-inter-level travel time spent in this place.
 C = Inter-level travel time spent in this place.
 D = Time resting spent in this place.
 E = Time spent auto-exploring this place.
 F = Levels seen in this place.
 G = Mean time per level.
                   A        B        C        D        E       F      G
               +--------+--------+--------+--------+--------+-----+--------+
         Total |   3040 |   2991 |     49 |    307 |   1961 |   3 | 1013.3 |
       Dungeon |   3040 |   2991 |     49 |    307 |   1961 |   3 | 1013.3 |
               +--------+--------+--------+--------+--------+-----+--------+

Top non-repeatable levels by time:
     D:3: 1168 daAuts
     D:2: 1014 daAuts
     D:1: 857 daAuts
